[Event "***Titled Tuesday 3|2 Blitz"]
[Site "Chess.com"]
[Date "2017.02.07"]
[Round "1"]
[White "avto24"]
[Black "Zhigalko_Sergei"]
[Result "1-0"]
[WhiteElo "2388"]
[BlackElo "2682"]
[TimeControl "180+2"]
[EndTime "13:11:27 PST"]
[Termination "avto24 won on time"]

1. e4 c5 2. c3 Nf6 3. e5 Nd5 4.
d4 cxd4 5. Nf3 Nc6 6. cxd4 d6 7. Bc4 Nb6 8. Bb5 d5 9. O-O Bf5 10. a4 a6 11. Be2 e6 12. Bd2 Be7 13. Qb3 O-O 14. a5 Nc4 15. Bxc4 dxc4 16. Qxc4 Rc8 17.
Qa4 Bd3 18. Re1 Bb5 19. Qb3 Nxd4 20. Nxd4 Qxd4 21. Bc3 Qg4 22. Nd2 Rfd8 23. Ne4 Bc6 24. f3 Qf4 25. Qc4 Qf5 26. Qe2 h6 27. Rad1 Bd5 28. h3 Rc4 29. Nd2 Rc7 30. Nf1 Qf4 31. Kh1 Bc5 32. Ne3 Bxe3 33. Qxe3 Qxe3 34. Rxe3 Rdc8 35. Kg1 Rc4 36. Kf2 g5 37. Red3 Ra4 38. Rd4 Ra2 39. Kg3 Kg7 40. h4 Kg6 41. hxg5 hxg5 42.
Rg4 Kf5 43. Rh1 Kg6 44. Bd2 f6 45. exf6 Rxb2 46. Bxg5 Rcc2 47. Bc1+ Kxf6 48. Bxb2+ Rxb2 49. Rh6+ Ke5 50. Rh5+ Kd6 51. Rd4 Ra2 52. Rh7 Kc5 53. Rd1 Rxa5 54. Kf4 Ra3 55. Rc7+ Kb6 56. Rd7 Kc6 57.
Re7 b5 58. Rc1+ Kd6 59. Ra7 b4 60. Rd1 b3 61. Rd3 1-0

[Event "***Titled Tuesday 3|2 Blitz"]
[Site "Chess.com"]
[Date "2017.02.07"]
[Round "1"]
[White "RitvarsReimanis"]
[Black "ShimanovAlex"]
[Result "0-1"]
[WhiteElo "2349"]
[BlackElo "2642"]
[TimeControl "180+2"]
[EndTime "13:11:48 PST"]
[Termination "ShimanovAlex won by resignation"]

1. d4 Nf6 2. c4 g6 3. f3 Bg7 4. e4 d6 5. Ne2 O-O 6. Nec3 c5 7. dxc5 dxc5 8. Qxd8 Rxd8 9. Be3 Nc6 10. Bxc5 Nd7 11. Be3 Nde5 12. Na3 Nb4 13. Rd1 Be6 14. Nd5 Bxd5 15.
cxd5 Nxa2 16. Be2 Nd7 17. Rd2 Nb4 18. Kf2 Rdc8 19. Nc4 Nc5 20. Bxc5 Rxc5 21. Rhd1 Bf6 22. f4 Rd8 23. e5 Bg7 24. d6 exd6 25. Rxd6 Rxd6 26.
Rxd6 Rc7 27. Rd8+ Bf8 28. Nd6 Nc6 29. Ra8 Rd7 30. Ne4 Rd8 31. Nf6+ Kg7 32. Rxd8 Nxd8 33. Bf3 Be7 34. Ne8+ Kf8 35. Nc7 Bc5+ 36. Ke2 h5 37.
g3 Ke7 38. h3 Kd7 39. Nd5 Ne6 40. Be4 Ng7 41. g4 hxg4 42. hxg4 Bd4 43. b3 Ne6 44.
Nf6+ Ke7 45. Nd5+ Kd8 46. Kd3 Ba1 47. Kc4 b6 48. b4 g5 49. f5 Nf8 50. Nc3 Nd7 51. e6 fxe6 52. fxe6 Ne5+ 53. Kb3 Bxc3 54. Kxc3 Nxg4 55. Kd4 Ke7 56. Bf5 Nf6 57. Ke5 g4 58. Kf4 Nd5+ 59. Kxg4 Nxb4 60. Kf4 Kd6 61. Ke4 Nc6 62. Bh3 Nd8 63. e7 Kxe7 64. Kd5 Nb7 65. Kc6 Nc5 66. Bf1 Kd8 67. Bh3 Ke7 68. Bf1 Ke6 69.
Bc4+ Ke5 70. Bf1 Kd4 71. Kb5 Kd5 72. Bg2+ Kd6 73. Bh1 Kc7 74. Bg2 a6+ 75. Kc4 Nb7 76. Kb4 b5 77. Kb3 Kb6 78. Ka3 Nc5 79. Kb4 a5+ 80. Ka3 b4+ 81. Kb2 a4 82. Bd5 Kb5 83. Kc2 Nd7 84. Bf7 Nb6 85. Be8+ Kc5 86. Bf7 Nc4 87.
Kd3 Ne5+ 0-1

[Event "***Titled Tuesday 3|2 Blitz"]
[Site "Chess.com"]
[Date "2017.02.07"]
[Round "1"]
[White "popov_m"]
[Black "GMBenjaminBok"]
[Result "0-1"]
[WhiteElo "2325"]
[BlackElo "2622"]
[TimeControl "180+2"]
[EndTime "13:12:00 PST"]
[Termination "GMBenjaminBok won by resignation"]

1. d4 Nf6 2. Bf4 g6 3. Nf3 Bg7 4. e3 O-O 5. Be2 c5 6. c3 Qb6 7. Qb3 d6 8. Nbd2 Be6 9. Bc4 Bxc4 10. Nxc4 Qa6 11. a4 Rc8 12. Nfd2 d5 13. Ne5 Nc6 14. Qb5 Qxb5 15. axb5 Nxe5 16. Bxe5 Ne8 17. Bxg7 Kxg7 18. Nb1 Nd6 19. Na3 a6 20. bxa6 Rxa6 21. Ke2 Rb6 22.
Rhb1 e6 23. Kd3 Kf6 24. f3 Ke7 25. Kc2 h5 26. Kd3 g5 27. h3 h4 28. Kc2 cxd4 29.
exd4 Nf5 30. Kd3 Ng3 31. Nc2 Nh5 32. Nb4 Nf4+ 33. Kd2 Kf6 34. Rg1 Rd6 35. Ke3 Rdd8 36. Ra7 Rb8 37. Kf2 Kf5 38. Re1 f6 39. Ra5 Ra8 40. Rea1 Rxa5 41. Rxa5 e5 42. Rb5 Rd7 43. Rc5 exd4 44. cxd4 Re7 45. Nxd5 Nd3+ 46. Kg1 Re1+ 47.
Kh2 Nxc5 48. dxc5 Re5 49. Nc3 Rxc5 50. Ne4 Rc2 51. Nd6+ Kf4 52. Nxb7 Rxb2 53. Nc5 Re2 54. Nd7 Kf5 55. Nc5 Re3 56. Kg1 Re5 57. Nd3 Rd5 58. Nb4 Rd2 59. Nc6 Kf4 60. Kh2 Kf5 61. Ne7+ Ke6 62.
Nc6 Kd6 63. Nd8 Rb2 64. Nf7+ Ke7 65. Nh6 Ke6 66. Ng4 Re2 67. Kg1 f5 68. Nf2 Rd2 69. Kf1 Ke5 70. Ke1 Rd8 71. Kf1 Kf4 72. Kg1 Ke3 73. Nh1 Rd1+ 74. Kh2 f4 0-1

[Event "***Titled Tuesday 3|2 Blitz"]
[Site "Chess.com"]
[Date "2017.02.07"]
[Round "1"]
[White "Jospem"]
[Black "filali-oujda"]
[Result "1-0"]
[WhiteElo "2516"]
[BlackElo "2181"]
[TimeControl "180+2"]
[EndTime "13:12:29 PST"]
[Termination "Jospem won by resignation"]

1. d4 c6 2. c4 d5 3. Nf3 Nf6 4. e3 Bf5 5. Nc3 e6 6. Nh4 Bg6 7. Qb3 Qc8 8. Be2 Bd6 9. O-O Nbd7 10.
h3 O-O 11. Nxg6 hxg6 12. Bd2 Re8 13. Rfd1 Rb8 14. Rac1 Qd8 15. Qc2 Rc8 16. c5 Bc7 17. f4 a5 18. a3 Nh7 19. Bd3 Qh4 20. Rf1 f5 21. Be1 Qe7 22. g4 Nhf6 23. g5 Ne4 24.
Nxe4 fxe4 25. Be2 b6 26. b4 axb4 27. axb4 b5 28. Kg2 Nf8 29. h4 Ra8 30. Bg3 Ra3 31. Qd2 Rea8 32. Rc2 Qf7 33. Bg4 R8a4 34. Rb1 Rd3 35. Qf2 Raa3 36. Re2 Nd7 37. Qe1 Ra4 38. Bf2 Rda3 39. Qh1 Nf8 40. Reb2 Bd8 41. Rb3 Qa7 42. Qh3 Kf7 43. h5 Qe7 44. Rxa3 Rxa3 45. hxg6+ Ke8 46. Qh5 Kd7 47. Rh1 Kc7 48. Rb1 Ra2 49. Qh8 Kb7 50.
Qh1 Nxg6 51. Ra1 Rxa1 52. Qxa1 Qc7 53. Qh1 Qf7 54. Qh3 Nf8 55. Bg3 g6 56. Qh8 Bc7 57.
Bh2 Bb8 58. Qh3 Bc7 59. Kf1 Qe7 60. Bg3 Qe8 61. Be1 Qa8 62. Bxe6 Qa3 63. Bc8+ Ka7 64.
Bg4 Qd3+ 65. Kg2 Qc2+ 66. Bf2 Qb2 67. Qh8 Qxb4 68. Qxf8 Qa5 69. Qe8 Qa6 70. Be1 Qa2+ 71. Bf2 Qa6 72. Bd1 b4 73. Qd7 Kb7 74. Bb3 Qd3 75. Ba4 Qa6 76. Bb3 Qa3 77. Bxd5 cxd5 78. Qxd5+ Kb8 79. c6 b3 80. Qg8+ Ka7 81. Qc8 Qb4 82.
Qxc7+ Ka8 83. Qd8+ Ka7 84. c7 1-0

[Event "***Titled Tuesday 3|2 Blitz"]
[Site "Chess.com"]
[Date "2017.02.07"]
[Round "1"]
[White "Sanan_Sjugirov"]
[Black "PelinGorki"]
[Result "1/2-1/2"]
[WhiteElo "2633"]
[BlackElo "2367"]
[TimeControl "180+2"]
[EndTime "13:12:35 PST"]
[Termination "Game drawn by repetition"]

1. d4 Nf6 2. Nf3 e6 3. Bg5 h6 4.
Bh4 g5 5. Bg3 Ne4 6. e3 d6 7.
Nbd2 Nxg3 8. hxg3 Bg7 9. c3 b6 10. Bd3 Bb7 11. Qe2 Nd7 12. Ba6 Bc6 13. e4 Qe7 14.
O-O-O d5 15. e5 Nb8 16. Bb5 Bxb5 17. Qxb5+ c6 18. Qa4 Qc7 19. Nf1 Nd7 20. Ne3 a5 21. Qc2 b5 22. Ne1 c5 23. f4 cxd4 24. cxd4 Qxc2+ 25. Kxc2 Rc8+ 26. Kd2 Ke7 27. Nd3 b4 28. Rde1 Rhg8 29.
f5 Bf8 30. f6+ Kd8 31. g4 Nb8 32. Nf2 Nc6 33. Kd3 a4 34. Rc1 Kd7 35. b3 axb3 36. axb3 Ra8 37. Nc2 Na5 38. Ra1 Kc6 39. Ra4 Kb5 40.
Rha1 Rh8 41. Ke2 h5 42. gxh5 Rxh5 43. Nd3 Rh2 44. Kf2 Ra7 45. Ndxb4 Kb6 46. Nd3 Nc6 47. Rxa7 Nxa7 48. b4 Rh4 49. Nde1 Rh1 50. Nf3 Rxa1 51. Nxa1 Bh6 52. Nc2 Kb5 53. g4 Kc4 54. Ke2 Nc6 55. Nd2+ Kb5 56. Kd3 Nxb4+ 57. Nxb4 Kxb4 58. Nf3 Kb3 59. Nd2+ Kb4 60. Nf1 Kb3 61. Nd2+ Kb4 62. Kc2 Bf8 63.
Kb2 Bh6 64. Kc2 Bf8 65. Nf3 Bh6 66. Kd2 Kc4 67. Ke3 Kc3 68. Ng1 Bf8 69. Ne2+ Kc4 70. Ng1 Kc3 71. Nh3 Bh6 72. Nf2 Bf8 73. Nd3 Kc4 74.
Nb2+ Kc3 75. Na4+ Kc4 76. Nb6+ Kb5 77. Nc8 Kc6 78. Kd3 Kc7 79. Na7 Kb6 80. Nc8+ Kc7 81.
Na7 Kb6 82. Nc8+ Kc7 83. Na7 Kb6 84. Nc8+ Kc7 85. Na7 Kb6 86. Nc8+ Kc7 1/2-1/2

[Event "***Titled Tuesday 3|2 Blitz"]
[Site "Chess.com"]
[Date "2017.02.07"]
[Round "1"]
[White "Kacparov"]
[Black "kikydu96"]
[Result "0-1"]
[WhiteElo "2585"]
[BlackElo "2340"]
[TimeControl "180+2"]
[EndTime "13:13:10 PST"]
[Termination "kikydu96 won by resignation"]

1. e4 e5 2. Nf3 Nc6 3. Bb5 Nf6 4. Qe2 Bc5 5. c3 O-O 6. O-O d6 7. h3 Bb6 8. d3 h6 9. Nbd2 Ne7 10. Nc4 Ng6 11.
Nxb6 axb6 12. Bc4 Be6 13. Kh2 Bxc4 14. dxc4 Qd7 15. Ne1 Qc6 16. f3 Nh5 17. b3 Nhf4 18. Qc2 Qd7 19. Nd3 Nxd3 20. Qxd3 f5 21. a4 Kh7 22. Be3 fxe4 23. Qxe4 Qc6 24. Qd3 Rae8 25. Rae1 e4 26. fxe4 Qxe4 27. Qxe4 Rxe4 28. Bd4 Rfe8 29. Rxe4 Rxe4 30. Kg3 Ne5 31. Rf8 Nc6 32. Bf2 Re2 33.
Rc8 Rc2 34. Rxc7 Rxc3+ 35. Kh2 Rxb3 36. Rxb7 Rb4 37. Rxb6 Rxc4 38. Ra6 d5 39. Ra8 d4 40. a5 d3 41. Be3 Re4 42. Bd2 Re2 43. Bc3 d2 44. Bxd2 Rxd2 45. a6 Ra2 46. Kg3 Nb4 47. a7 Nc6 48. Rc8 Nxa7 49. Rc3 Nb5 50. Rc4 Nd6 51. Rb4 Ra3+ 52. Kf4 Rc3 53. Rb6 Nc4 54. Rc6 Rc2 55. g4 Ne3 56. Rd6 Nc4 57.
Rd3 Re2 58. h4 Re7 59. h5 Ne5 60. Rd6 Nf7 61. Ra6 Ng5 62. Ra4 Rf7+ 63. Kg3 Rf3+ 64.
Kg2 Kg8 65. Ra5 Rf4 66. Kg3 Rf3+ 67. Kg2 Rf6 68. Kg3 Kf7 69. Ra7+ Kg8 70. Ra8+ Kh7 71.
Ra3 Re6 72. Rb3 Re4 73. Ra3 Kg8 74. Ra8+ Kf7 75. Ra7+ Kf6 76. Ra6+ Ne6 77. Ra3 Re5 78. Rb3 Kg5 79. Ra3 Nc5 80. Kh3 Ne4 81. Ra7 Kf6 82.
Ra6+ Re6 83. Ra3 Rc6 84. Kh4 Ng5 85. Re3 Rc1 86. Kg3 Rh1 87. Re8 Rg1+ 88. Kf4 Nh3+ 89. Kf3 Kg5 90. Re7 Kh4 91. Rxg7 Rg3+ 92. Ke2 Rxg4 93.
Re7 Kxh5 94. Kf3 Ng5+ 95. Kf2 Kh4 96. Re1 h5 97. Rh1+ Nh3+ 98. Kf3 Rg3+ 99. Ke4 Kg4 100. Rf1 Ng5+ 101. Ke5 Re3+ 102. Kd4 Rf3 103. Rg1+ Rg3 104. Rf1 h4 105. Ke5 Nf3+ 106. Kf6 h3 107. Ra1 h2 108. Ra4+ Kh3 109. Ra1 Rg1 0-1

[Event "***Titled Tuesday 3|2 Blitz"]
[Site "Chess.com"]
[Date "2017.02.07"]
[Round "1"]
[White "Sebastian"]
[Black "Gergo85"]
[Result "1/2-1/2"]
[WhiteElo "2675"]
[BlackElo "2385"]
[TimeControl "180+2"]
[EndTime "13:17:00 PST"]
[Termination "Game drawn by repetition"]

1. e4 c6 2. d4 d5 3. e5 c5 4. dxc5 Nc6 5. a3 Nxe5 6. Bb5+ Nc6 7. b4 Nf6 8. Bb2 e6 9. Nf3 Be7 10. O-O O-O 11. c4 a6 12. Ba4 dxc4 13. Nbd2 c3 14.
Bxc3 Nd5 15. Bb2 Bf6 16. Bxf6 Qxf6 17. Ne4 Qg6 18. Bc2 f5 19. Nd6 Rd8 20. Bb3 Nce7 21. Re1 b6 22. Ne5 Qf6 23. Nc6 Nxc6 24. Bxd5 Bd7 25.
Ba2 Rab8 26. Qd3 bxc5 27. bxc5 h6 28. Qxf5 Qxf5 29. Nxf5 Rb2 30. Bxe6+ Bxe6 31. Rxe6 Nd4 32. Nxd4 Rxd4 33. Rxa6 Rdd2 34. Rf1 Rdc2 35. c6 h5 36. h4 Ra2 37. a4 Rc4 38. g3 Kh7 39. a5 Rcc2 40.
Ra7 Rxc6 41. Re1 Rf6 42. Rf1 Rf5 43. a6 Rf6 44. Rc7 Raxa6 45. Rc2 Rac6 46. Rd2 Rcd6 47.
Rfd1 Rxd2 48. Rxd2 Ra6 49. Kg2 g6 50. Rd7+ Kh6 51.
Kf3 Ra3+ 52. Kf4 Ra4+ 53. Ke5 Ra2 54. Rf7 Re2+ 55. Kd6 Re1 56. Kd7 Re2 57. Kd8 Re1 58.
Re7 Rf1 59. Re2 Kg7 60. Ke7 Ra1 61. Rd2 Re1+ 62. Kd6 Kf6 63. Rd4 Re2 64. Rf4+ Kg7 65. Kd5 Re1 66. Kd4 Re2 67. Kd3 Ra2 68. Ke3 Ra3+ 69.
Ke4 Ra4+ 70. Ke5 Ra2 71. Ke4 Ra4+ 72. Kf3 Ra3+ 73. Kg2 Rb3 74. Rd4 Ra3 75. Re4 Rb3 76. Re3 Rb4 77. Kf3 Ra4 78. Re4 Ra2 79. Ke3 Rb2 80. f3 Rb3+ 81. Kf4 Ra3 82. Rc4 Ra5 83. Ke4 Rb5 84. Rd4 Ra5 85. Rd5 Ra4+ 86. Ke5 Ra3 87.
Rd7+ Kh6 88. Ke4 Ra4+ 89. Rd4 Ra3 90. Kf4 Kg7 91. Rd7+ Kf6 92. Rd6+ Kg7 93. Ke4 Rb3 94. Rc6 Ra3 95. Rd6 Rb3 96. Rd3 Rb5 97. Rd5 Rb3 98.
Kf4 Kf6 99. Rd6+ Kg7 100. Re6 Ra3 101. Re5 Rb3 102. Rc5 Kf6 103. Rc4 Ra3 104. Ke4 Rb3 105. Rd4 Ra3 106. Rd3 Ra5 107. Rd6+ Kg7 108. Rd5 Ra3 109. Kf4 Kf6 110. Rd6+ Kg7 111. Rd4 Kf6 112. g4 hxg4 113. Kxg4 Ra6 114. Kf4 Rb6 115. Rc4 Ra6 116. Kg4 Rb6 117. Rf4+ Kg7 118. Re4 Kf6 119. Rd4 Ra6 120. f4 Ra1 121. Rd6+ Kg7 122. Rd3 Kf6 123. Rd6+ Kg7 124. h5 gxh5+ 125. Kg5 Rg1+ 126. Kf5 h4 127. Rd7+ Kg8 128. Kf6 h3 129. Rd2 Rg2 130. Rd3 h2 131. Rh3 Ra2 132. f5 Ra6+ 133. Ke7 Ra7+ 134. Ke6 Ra6+ 135. Ke5 Ra5+ 136. Kf6 Ra6+ 137. Kg5 Ra2 138. Kg6 Rg2+ 139. Kf6 Ra2 140. Rg3+ Kf8 141. Rh3 Ra6+ 142. Kg5 Ra2 143. Kg6 Rg2+ 144. Kf6 Kg8 145. Rh4 Ra2 146. Rg4+ Kf8 147. Rh4 Kg8 148. Kg6 Rg2+ 149. Kf6 Ra2 150. Rh3 Ra6+ 151. Kg5 Ra2 152. Kg4 Kg7 153. Kg5 Rg2+ 154. Kf4 Ra2 155. Kg5 Rg2+ 156. Kf4 Ra2 157. Kg5 Rg2+ 1/2-1/2

[Event "***Titled Tuesday 3|2 Blitz"]
[Site "Chess.com"]
[Date "2017.02.07"]
[Round "1"]
[White "AllStarShark"]
[Black "joppie2"]
[Result "0-1"]
[WhiteElo "2261"]
[BlackElo "2543"]
[TimeControl "180+2"]
[EndTime "13:17:23 PST"]
[Termination "joppie2 won on time"]

1. d4 e6 2. e4 d5 3. exd5 exd5 4.
Nf3 c6 5. Be2 Bd6 6. O-O Ne7 7.
Bg5 O-O 8. Nbd2 Nd7 9. c3 f6 10. Bh4 Nf5 11. Bg3 Nxg3 12. hxg3 Re8 13. Bd3 Nf8 14.
Qc2 Bg4 15. Rfe1 Qd7 16. Nh2 Be6 17. Nhf3 Bf7 18. Rxe8 Rxe8 19. Re1 Rxe1+ 20. Nxe1 g6 21. Nef3 Kg7 22. Qa4 a6 23. Qb3 Qe7 24. Qd1 Qc7 25. b4 Nd7 26. Nb3 Nb6 27. Nc5 Nc4 28.
Bxc4 dxc4 29. Ne4 Be7 30. Nc5 Bd5 31. Qe2 Kf7 32. Nd2 b6 33. Na4 a5 34. a3 axb4 35.
axb4 Qa7 36. Nb2 Qa1+ 37. Nd1 Qc1 38. Kh2 Qc2 39. Qe1 Qd3 40. Qe3 Qc2 41. Qe1 Bd6 42. Nf3 Qf5 43. Ne3 Qh5+ 44. Kg1 Be6 45. Nd2 b5 46.
Qd1 Qxd1+ 47. Nxd1 f5 48. Kf1 Kf6 49. Ke2 h5 50. Nf3 Bd5 51. Ne3 Be4 52. Ne1 g5 53. Nf1 Bd5 54. Nd2 Bc7 55. Ndf3 Be4 56. Nd2 Bd5 57.
Ndf3 Bb8 58. Nd2 g4 59. Nf1 Be4 60. Nd2 Bd5 61. Nf1 f4 62. gxf4 Bxf4 63. Ne3 Be4 64. g3 Bc7 65. Nf1 Kg5 66. Nd2 Bd5 67. Nf1 Bd6 68.
Ne3 Be4 69. Nf1 Be7 70. Nd2 Bd5 71. Nf1 Be4 72. Nd2 Bg6 73. Nf1 Kf5 74. Ne3+ Ke6 75. N1g2 Bg5 76. Ne1 Be4 77. Nf1 h4 78. gxh4 Bxh4 79. Ne3 g3 80. fxg3 Bxg3 81. Nf3 Bf4 82.
Ne1 Kf6 83. N1g2 Bg5 84. Ng4+ Kf5 85. N4e3+ Ke6 86. Ne1 Kf7 87. Nf3 Bf4 88. Ne1 Kf6 89. Nf3 Kg6 90. Nd2 Bd3+ 91. Kf3 Bh6 92. Ne4 Kf7 93.
Nd6+ Ke6 94. Ne4 Bb1 95. Nc5+ Kd6 96. Ng4 Bd2 97. Ne4+ Bxe4+ 98. Kxe4 Bxc3 99. Ne3 Bxb4 100. Nf5+ Kc7 101. d5 cxd5+ 102. Kxd5 Kb6 103. Nd4 Be1 104. Nc2 Bc3 105. Ne3 Ka5 106. Nxc4+ Ka4 107. Ne3 b4 108. Kc4 Bh8 109. Nd1 Ka3 110. Kd3 b3 111. Kd2 Ka2 112. Kd3 Bg7 113. Kc4 Bf6 114. Kb4 Be7+ 115. Ka4 Bf6 116. Kb4 Be5 117. Kc4 Bf6 118. Kb4 Bb2 119. Ka4 Bc1 120. Kb4 Bd2+ 121. Kc4 Be1 122. Kd3 Kb1 123. Kc4 Kc2 124. Ne3+ Kb2 125. Nd1+ Ka2 126. Kd3 Bb4 127. Kc4 Ba5 128. Kb5 Bd2 129. Ka4 Be1 130. Kb5 Kb1 131. Kc4 Kc2 132. Ne3+ Kb2 133. Nd1+ Ka3 134. Kd3 Ba5 135. Kc4 Bc7 136. Kb5 Be5 137. Kc4 Ka2 138. Kb5 Bf4 139. Kc4 Bh6 140. Kb4 Bf8+ 141. Ka4 Be7 142. Kb5 Bf6 143. Kc4 Bg5 144. Kb4 Bf4 145. Ka4 Bd2 146. Kb5 Kb1 147. Kc4 Kc2 148. Nf2 b2 0-1

[Event "***Titled Tuesday 3|2 Blitz"]
[Site "Chess.com"]
[Date "2017.02.07"]
[Round "2"]
[White "jncool68"]
[Black "GeorgMeier"]
[Result "1-0"]
[WhiteElo "2529"]
[BlackElo "2678"]
[TimeControl "180+2"]
[EndTime "13:20:08 PST"]
[Termination "jncool68 won by checkmate"]

1. e4 e6 2. d4 d5 3. Nc3 dxe4 4. Nxe4 Nd7 5. Nf3 Ngf6 6. Nxf6+ Nxf6 7. Bg5 h6 8. Be3 Bd6 9. Bd3 O-O 10. O-O b6 11. Ne5 Bb7 12. c3 c5 13. Bc2 Qc7 14. f4 Rac8 15. Ng4 Nxg4 16. Qxg4 cxd4 17. Bxd4 Bc5 18.
Qxg7# 1-0

[Event "***Titled Tuesday 3|2 Blitz"]
[Site "Chess.com"]
[Date "2017.02.07"]
[Round "2"]
[White "WanderingPuppet"]
[Black "Pierrebl"]
[Result "0-1"]
[WhiteElo "2318"]
[BlackElo "2405"]
[TimeControl "180+2"]
[EndTime "13:20:39 PST"]
[Termination "Pierrebl won by resignation"]

1. e4 c5 2. Nf3 Nc6 3. Bb5 g6 4.
O-O Bg7 5. Re1 Nf6 6. Nc3 O-O 7.
e5 Ne8 8. d3 Nc7 9. Bxc6 dxc6 10.
Ne4 b6 11. a4 Bg4 12. h3 Bxf3 13. Qxf3 Ne6 14. Bf4 Qd5 15. Nc3 Qxf3 0-1

[Event "***Titled Tuesday 3|2 Blitz"]
[Site "Chess.com"]
[Date "2017.02.07"]
[Round "2"]
[White "avto24"]
[Black "kleinebeer98"]
[Result "0-1"]
[WhiteElo "2382"]
[BlackElo "2480"]
[TimeControl "180+2"]
[EndTime "13:22:35 PST"]
[Termination "kleinebeer98 won by resignation"]

1. e4 e5 2. Nf3 Nc6 3. Bc4 Nf6 4.
Ng5 d5 5. exd5 Na5 6. Bb5+ c6 7. dxc6 bxc6 8. Bd3 Nd5 9. Nf3 Nf4 10. Bf1 Bd6 11.
d3 O-O 12. Nc3 Re8 13. Bd2 Rb8 14. b3 Bg4 15. h3 Bh5 16. g3 f5 17. Nb1 e4 18.
gxf4 exf3+ 19. Be3 Rxe3+ 20. fxe3 f2+ 21. Kd2 Bxd1 22. Kxd1 Qe7 23. Nd2 Qxe3 0-1

[Event "***Titled Tuesday 3|2 Blitz"]
[Site "Chess.com"]
[Date "2017.02.07"]
[Round "2"]
[White "gumersindo"]
[Black "MyleneFarmer"]
[Result "1-0"]
[WhiteElo "2357"]
[BlackElo "2350"]
[TimeControl "180+2"]
[EndTime "13:22:51 PST"]
[Termination "gumersindo won by resignation"]

1. d4 Nf6 2. c4 e6 3. Nc3 c5 4. d5 exd5 5. cxd5 d6 6. Nf3 g6 7.
Bf4 Bg7 8. h3 O-O 9. e3 a6 10.
a4 Qe7 11. Be2 Nbd7 12. O-O Ne8 13. Re1 Rb8 14. Nd2 Nc7 15. Nc4 Ne5 16. Nb6 g5 17. Bh2 f5 18. f4 Nd7 19. Nc4 b5 20.
axb5 axb5 21. Na5 Qxe3+ 22. Kh1 b4 23. Nc4 Qd4 24. Na4 Nxd5 25. Nxd6 Nxf4 26. Bc4+ Kh8 27. Nf7+ Rxf7 28. Bxf7 Ne5 29. Qxd4 cxd4 30. Bb3 Ned3 31. Re8+ Bf8 32. Rxf8+ Kg7 33. Rg8+ Kf6 1-0

[Event "***Titled Tuesday 3|2 Blitz"]
[Site "Chess.com"]
[Date "2017.02.07"]
[Round "2"]
[White "PaulfromSPb"]
[Black "wnstop"]
[Result "1-0"]
[WhiteElo "2460"]
[BlackElo "2408"]
[TimeControl "180+2"]
[EndTime "13:23:15 PST"]
[Termination "PaulfromSPb won by resignation"]

1. e4 c5 2. Ne2 Nc6 3. Nbc3 g6 4. g3 Bg7 5. Bg2 e5 6. Nd5 Nge7 7.
Nec3 O-O 8. O-O d6 9. d3 h6 10. Be3 Kh7 11. f4 f5 12. Qd2 exf4 13. Bxf4 Nxd5 14. Nxd5 g5 15. Be3 Bxb2 16. Rab1 Bg7 17. exf5 Rxf5 18. Be4 Ne7 19. Nxe7 Qxe7 20. Bxf5+ Bxf5 21. Rxf5 Re8 22. Bf2 Qe6 23. g4 Qxa2 24. Rxb7 Kg6 25. h4 gxh4 26. Qf4 h3 27. Rf6+ Kh7 28. Qxh6+ 1-0

[Event "***Titled Tuesday 3|2 Blitz"]
[Site "Chess.com"]
[Date "2017.02.07"]
[Round "2"]
[White "Konavets"]
[Black "gmwesley_so"]
[Result "0-1"]
[WhiteElo "2511"]
[BlackElo "2739"]
[TimeControl "180+2"]
[EndTime "13:23:28 PST"]
[Termination "gmwesley_so won by checkmate"]

1. Nf3 d5 2. g3 Bg4 3. Bg2 c6 4. O-O Nd7 5. d3 Ngf6 6. Nbd2 e5 7.
h3 Bh5 8. e4 Bd6 9. exd5 cxd5 10. c4 O-O 11. cxd5 Nxd5 12. Nc4 Bc7 13. Re1 Re8 14. a3 Rc8 15. b4 b5 16. Ne3 Nc3 17.
Qb3 Bb6 18. Bd2 e4 19. dxe4 Nxe4 20. Rad1 Ne5 21. Bc1 Qf6 22. Nxe5 Qxf2+ 23. Kh1 Nxg3+ 24. Kh2 Bxd1 25. Nxd1 Qxe1 26. Qxf7+ Kh8 27. Bb2 Bg1# 0-1

[Event "***Titled Tuesday 3|2 Blitz"]
[Site "Chess.com"]
[Date "2017.02.07"]
[Round "2"]
[White "salomez"]
[Black "JeremDev"]
[Result "0-1"]
[WhiteElo "2157"]
[BlackElo "2113"]
[TimeControl "180+2"]
[EndTime "13:23:32 PST"]
[Termination "JeremDev won by resignation"]

1. e4 c5 2. Nf3 d6 3. d4 cxd4 4.
Nxd4 Nf6 5. Nc3 g6 6. Be3 Bg7 7. f3 O-O 8. Qd2 Nc6 9. g4 Be6 10. Nxe6 fxe6 11. O-O-O Ne5 12. Be2 Qa5 13. Kb1 Rfc8 14.
Bd4 Rab8 15. h4 b5 16. h5 b4 17. Ka1 bxc3 18. Bxc3 Qb6 19. hxg6 hxg6 20. g5 Nh5 21. f4 Rxc3 22. Qxc3 Nxf4 23. Bf1 Ned3 24. Qb3 Qxb3 25. axb3 Nf2 0-1

[Event "***Titled Tuesday 3|2 Blitz"]
[Site "Chess.com"]
[Date "2017.02.07"]
[Round "2"]
[White "Tartody"]
[Black "latigre"]
[Result "1-0"]
[WhiteElo "1920"]
[BlackElo "1761"]
[TimeControl "180+2"]
[EndTime "13:23:36 PST"]
[Termination "Tartody won by resignation"]

1. e4 e5 2. Nc3 Nc6 3. g3 Nf6 4. Bg2 Bb4 5. Nge2 O-O 6. d3 d6 7. O-O h6 8. h3 a6 9. Nd5 Nxd5 10. exd5 Ne7 11. f4 f6 12. g4 exf4 13. Nxf4 Qe8 14.
c3 Ba5 15. d4 Qf7 16. Qd3 Bd7 17. Be3 Rae8 18. Rf2 c6 19. dxc6 Bxc6 20. d5 Bb5 21. c4 Bd7 22. a3 Nc8 23. Bd4 Bb6 24. Raf1 Ba4 25. Be4 Bd7 26. Bh7+ Kh8 27. Bg6 Qe7 28. Bxb6 Nxb6 29. Bxe8 Bxe8 30. Re2 Qc7 31. Ne6 1-0

[Event "***Titled Tuesday 3|2 Blitz"]
[Site "Chess.com"]
[Date "2017.02.07"]
[Round "2"]
[White "Zlatan56"]
[Black "DrVitman"]
[Result "1-0"]
[WhiteElo "2658"]
[BlackElo "2498"]
[TimeControl "180+2"]
[EndTime "13:23:45 PST"]
[Termination "Zlatan56 won by resignation"]

1. Nf3 Nf6 2. g3 b5 3. Na3 b4 4.
Nc4 Bb7 5. Bg2 a5 6. O-O d5 7.
Nce5 e6 8. Ng5 Qe7 9. Ngxf7 Rg8 10. d4 h6 11. a3 g5 12. f4 Nfd7 13. fxg5 hxg5 14.
e4 Nxe5 15. Nxe5 dxe4 16. Qh5+ Kd8 17. Bxg5 Rxg5 18. Rxf8+ Qxf8 19. Qxg5+ Kc8 20. Rf1 Qe8 21. Qg6 Bc6 22. Qxe8+ Bxe8 23. Bxe4 Ra6 24. Rf8 Kd8 25. Bg6 1-0

[Event "***Titled Tuesday 3|2 Blitz"]
[Site "Chess.com"]
[Date "2017.02.07"]
[Round "2"]
[White "PelinGorki"]
[Black "Daniela_Movileanu"]
[Result "1-0"]
[WhiteElo "2369"]
[BlackElo "2060"]
[TimeControl "180+2"]
[EndTime "13:23:54 PST"]
[Termination "PelinGorki won by checkmate"]

1. e4 c5 2. Nf3 d6 3. d4 Nf6 4.
Nc3 cxd4 5. Nxd4 a6 6. Bg5 e6 7.
f4 Nbd7 8. Qf3 Qc7 9. O-O-O b5 10. g4 Bb7 11. Bxf6 gxf6 12. a3 Rc8 13. Kb1 Nc5 14. Bg2 Be7 15. h4 h5 16. g5 f5 17.
Qe2 Nxe4 18. Nxe4 Bxe4 19. Bxe4 fxe4 20. Qxe4 d5 21. Qe3 Qc4 22. f5 exf5 23. Rhe1 Rc7 24.
c3 Kd8 25. Nxf5 Bc5 26. Qe5 Rf8 27. Rxd5+ Kc8 28. Nd6+ Bxd6 29. Qxd6 Rg8 30. Qxa6+ Kb8 31. Rxb5+ Rb7 32. Qxb7# 1-0

[Event "***Titled Tuesday 3|2 Blitz"]
[Site "Chess.com"]
[Date "2017.02.07"]
[Round "2"]
[White "EltajSafarli"]
[Black "SergeiAza"]
[Result "1-0"]
[WhiteElo "2829"]
[BlackElo "2518"]
[TimeControl "180+2"]
[EndTime "13:24:24 PST"]
[Termination "EltajSafarli won by resignation"]

1. e4 c5 2. Nf3 Nc6 3. Nc3 g6 4. Bb5 Bg7 5. O-O Nd4 6. Bc4 a6 7. Nxd4 cxd4 8. Qf3 e6 9. Ne2 Ne7 10.
c3 b5 11. Bb3 Nc6 12. d3 O-O 13. Bf4 d6 14. Qg3 dxc3 15. bxc3 e5 16. Bg5 Qb6 17.
Be3 Qc7 18. f4 exf4 19. Nxf4 Ne5 20. Nd5 Qb7 21. Bg5 Be6 22. Nf6+ Bxf6 23. Bxf6 Qc7 24.
Qf4 Nd7 25. Be7 Qxc3 26. Bxf8 Qd4+ 27. Kh1 Rxf8 28. Bxe6 fxe6 29. Qh4 Qxd3 30. Rxf8+ Nxf8 31. Qf6 1-0

[Event "***Titled Tuesday 3|2 Blitz"]
[Site "Chess.com"]
[Date "2017.02.07"]
[Round "2"]
[White "BilodeauA"]
[Black "Janosik"]
[Result "1-0"]
[WhiteElo "2575"]
[BlackElo "2615"]
[TimeControl "180+2"]
[EndTime "13:24:33 PST"]
[Termination "BilodeauA won by resignation"]

1. e4 e5 2. Nf3 Nc6 3. Bb5 Nf6 4.
d3 Bc5 5. Bxc6 dxc6 6. Nbd2 O-O 7. Qe2 Nd7 8. Nc4 Re8 9. Bd2 Bd6 10. O-O-O Nf8 11.
h3 c5 12. g4 Ne6 13. Kb1 b5 14. Ne3 Nd4 15. Nxd4 cxd4 16. Nf5 Be6 17. h4 b4 18. h5 a5 19. g5 a4 20. g6 b3 21. gxf7+ Kxf7 22. Rdg1 bxc2+ 23. Kxc2 Bf8 24. Qf3 Bxf5 25. Qxf5+ Kg8 26.
h6 g6 27. Rxg6+ hxg6 28. Qxg6+ Kh8 29. Rg1 1-0

[Event "***Titled Tuesday 3|2 Blitz"]
[Site "Chess.com"]
[Date "2017.02.07"]
[Round "2"]
[White "BartoszSocko"]
[Black "VMikhalevski"]
[Result "1-0"]
[WhiteElo "2700"]
[BlackElo "2508"]
[TimeControl "180+2"]
[EndTime "13:24:41 PST"]
[Termination "BartoszSocko won by resignation"]

1. e4 e5 2. Nf3 Nc6 3. d4 exd4 4.
Bc4 Bc5 5. O-O d6 6. c3 Bg4 7.
Qb3 Bxf3 8. Bxf7+ Kf8 9. gxf3 Ne5 10. cxd4 Bxd4 11. Bxg8 Rxg8 12. f4 Nc6 13. Be3 Qh4 14. Nd2 g5 15. fxg5 Bxe3 16. fxe3+ Kg7 17. Qxb7 Kh8 18.
Qxc6 Qxg5+ 19. Kf2 Raf8+ 20. Ke2 Qh5+ 21. Kd3 Re8 22.
Rf5 Qxh2 23. Raf1 1-0